 Dungeon Crawl Stone Soup version 0.19.5 (webtiles) character file.

6477 Inarius the Basher (level 10, -3/89 HPs)
             Began as a Minotaur Fighter on Apr 26, 2017.
             Was a Priest of Makhleb.
             Slain by a troll (5 damage)
             ... on level 9 of the Dungeon.
             The game lasted 00:28:27 (7858 turns).

Inarius the Basher (Minotaur Fighter)               Turns: 7858, Time: 00:28:29

Health: -3/89      AC: 14    Str: 28    XL:     10   Next: 68%
Magic:  9/9        EV: 13    Int:  5    God:    Makhleb [***...]
Gold:   557        SH: 12    Dex: 12    Spells: 0 memorised, 9 levels left

rFire  + . .     SeeInvis .     y - +6 flail (holy)
rCold  + . .     Gourm    .     z - +5 ring mail of Gallantry {rC+ MR+ Str+4 Dex+2}
rNeg   . . .     Faith    .     c - +0 shield
rPois  .         Spirit   .     (helmet restricted)
rElec  .         Reflect  .     l - +1 cloak {MR+}
rCorr  .         Harm     .     (no gloves)
MR     ++...                    (no boots)
Stlth  +.........               I - amulet of regeneration
                                (no ring)
                                m - ring of protection from fire (curse)

@: no status effects
A: retaliatory headbutt, horns 2
a: Minor Destruction, Lesser Servant of Makhleb, Renounce Religion


You were on level 9 of the Dungeon.
You worshipped Makhleb.
Makhleb was most pleased with you.
You were not hungry.

You visited 2 branches of the dungeon, and saw 11 of its levels.

You collected 557 gold pieces.

Inventory:

Hand Weapons
 a - a +0 long sword
 y - a +6 flail of holy wrath (weapon)
Armour
 c - a +0 shield (worn)
 l - a +1 cloak of magic resistance (worn)
 z - the +5 ring mail of Gallantry (worn) {rC+ MR+ Str+4 Dex+2}
   (You found it on level 5 of the Dungeon)

   It affects your strength (+4).
   It affects your dexterity (+2).
   It protects you from cold.
   It affects your resistance to hostile enchantments.
 H - a +0 plate armour
Jewellery
 m - a cursed ring of protection from fire (left hand)
 I - an amulet of regeneration (around neck)
Wands
 j - a wand of digging (12/24)
 x - a wand of slowing (30/48)
 C - a wand of disintegration (10/24)
 M - a wand of flame (25/48)
 O - a wand of confusion (19/48)
 P - a wand of acid (9/15)
Scrolls
 b - 2 scrolls of fear {unknown}
 d - 2 scrolls of fog {unknown}
 e - 2 scrolls of enchant weapon {unknown}
 h - 5 scrolls of remove curse
 o - 4 scrolls of recharging
 q - a scroll of noise {unknown}
 r - 3 scrolls of enchant armour
 t - 3 scrolls of amnesia {unknown}
 D - 6 scrolls of magic mapping
 F - 4 scrolls of teleportation {unknown}
 J - a scroll of blinking {unknown}
Potions
 i - 2 potions of mutation {unknown}
 n - 2 potions of lignification {unknown}
 p - 3 potions of ambrosia {unknown}
 u - 3 potions of curing
 v - 2 potions of haste {unknown}
 w - a potion of agility {unknown}
 A - a potion of brilliance {unknown}
 E - a potion of berserk rage {unknown}
 N - 3 potions of degeneration {unknown}
Comestibles
 f - 9 bread rations
 g - 3 royal jellies
 k - a meat ration
 s - a slice of pizza
 B - 14 chunks of flesh
 L - 24 fruits


   Skills:
 + Level 8.3 Fighting
 - Level 7.2 Long Blades
 + Level 9.6 Maces & Flails
 - Level 2.8 Throwing
 + Level 7.8 Armour
 + Level 5.8 Dodging
 + Level 9.5 Shields
 + Level 0.8 Invocations


You had 9 spell levels left.
You didn't know any spells.

Dungeon Overview and Level Annotations

Branches:
Dungeon (10/15)            Temple (1/1) D:6            Lair (0/6) D:8
    Orc: D:9-12

Altars:
Dithmenos
Fedhas
Gozag
Kikubaaqudgha
Makhleb
Ru
Yredelemnul
Zin

Shops:
D:6 (

Annotations:
D:10 Inarius's ghost, novice MiFi


Innate Abilities, Weirdness & Mutations

You reflexively headbutt those who attack you in melee.
You have a pair of horns on your head.


Message History

The troll claws you but does no damage.
You thump the yak!
The yak is severely wounded.
The yak barely misses you. The yak gores you but does no damage.
The yak barely misses you. You block the troll's attack.
The troll claws you but does no damage. x2
You bludgeon the yak!!
You kill the yak!
Makhleb accepts your kill. You block the yak's attack. The troll misses you.
You block the troll's attack. x2
The yak gores you!
* * * LOW HITPOINT WARNING * * *
You sock the troll! Your headbutt misses the troll.
The troll is moderately wounded.
The yak gores you!
* * * LOW HITPOINT WARNING * * *
The yak gores you!
* * * LOW HITPOINT WARNING * * *
You block the troll's attack. x2; The troll claws you.
You die...

.#....#....#..............#......
.#....#....#..............#......
.#....'.)..#..............#......
.#....#....#..............#......
.#....#....#..............#......
.#....#....#..............#......
.#....#....#.....)........#......
.#....#....#...T[%........#......
.#....#....#....@.........#......
.#....#....##..Y.Y........#......
.#....#....##.............#......
.#....#...................#......
.#....#....##.....####'####......
.'....#######.....#........)....#
.#.....))...#.....#.............#
.#.....))...+.....'.............#
.#..........#######.............#


You could see 2 yaks and a troll.

Vanquished Creatures
  A hill giant (D:9)
  Maurice (D:8)
  Psyche (D:9)
  A hippogriff (D:9)
  Sigmund (D:5)
  3 yaks
  A steam dragon (D:8)
  Edmund (D:5)
  Duvessa (D:7)
  4 orc warriors
  An ice beast (D:8)
  3 phantoms
  2 sky beasts
  2 necrophages
  4 ogres
  3 centaurs
  3 big kobolds
  2 bullfrogs
  Dowan (D:7)
  A water moccasin zombie (D:10)
  3 scorpions
  A water moccasin skeleton (D:6)
  5 wights (D:8)
  13 killer bees
  A jelly (D:7)
  3 howler monkeys
  4 crimson imps
  A centaur zombie (D:8)
  A quasit (D:9)
  A bullfrog skeleton (D:10)
  4 orc priests (D:9)
  4 hounds
  5 orc wizards
  2 iguanas
  3 worker ants
  A worker ant zombie (D:6)
  4 gnolls (D:4)
  8 adders
  2 river rats (D:8)
  2 oozes (D:1)
  2 adder skeletons
  5 worms
  3 dart slugs
  6 leopard geckos
  26 orcs
  3 ball pythons
  7 giant cockroaches
  5 goblins
  9 hobgoblins
  14 jackals
  14 kobolds
  3 quokkas
  6 bats
  4 frilled lizards
  21 rats
233 creatures vanquished.

Vanquished Creatures (others)
  A fungus (D:8)
1 creature vanquished.

Grand Total: 234 creatures vanquished

Notes
Turn   | Place    | Note
-------+----------+-------------------------------------------
     0 | D:1      | Inarius the Minotaur Fighter began the quest for the Orb.
     0 | D:1      | Reached XP level 1. HP: 19/19 MP: 0/0
    22 | D:1      | Reached XP level 2. HP: 27/27 MP: 1/1
   228 | D:1      | Reached XP level 3. HP: 31/33 MP: 2/2
   875 | D:2      | Reached XP level 4. HP: 29/40 MP: 3/3
  1579 | D:3      | Found a shadowy altar of Dithmenos.
  1637 | D:3      | Reached XP level 5. HP: 46/46 MP: 4/4
  1700 | D:3      | Noticed a phantom
  1727 | D:3      | Killed a phantom
  1727 | D:3      | Reached skill level 5 in Long Blades
  1727 | D:3      | Reached skill level 5 in Armour
  2052 | D:3      | Found an opulent altar of Gozag.
  2225 | D:4      | Reached XP level 6. HP: 53/53 MP: 5/5
  2971 | D:5      | Entered Level 5 of the Dungeon
  3137 | D:5      | Noticed Sigmund
  3142 | D:5      | Killed Sigmund
  3142 | D:5      | Reached skill level 5 in Fighting
  3142 | D:5      | Reached skill level 5 in Shields
  3142 | D:5      | Reached XP level 7. HP: 61/61 MP: 6/6
  3208 | D:5      | Reached skill level 1 in Dodging
  3220 | D:5      | Noticed Edmund
  3242 | D:5      | Killed Edmund
  3673 | D:5      | Got a pitted ring mail
  3684 | D:5      | Identified the +5 ring mail of Gallantry {rC+ MR+ Str+4 Dex+2} (You found it on level 5 of the Dungeon)
  3789 | D:5      | Reached skill level 1 in Maces & Flails
  4052 | D:6      | Found a staircase to the Ecumenical Temple.
  4068 | Temple   | Entered the Ecumenical Temple
  4096 | Temple   | Became a worshipper of Makhleb the Destroyer
  4125 | D:6      | Found Idub's Weapon Boutique.
  4275 | D:6      | Reached XP level 8. HP: 69/69 MP: 7/7
  4724 | D:7      | Noticed Dowan
  4725 | D:7      | Noticed Duvessa
  4738 | D:7      | Killed Duvessa
  4747 | D:7      | Killed Dowan
  5210 | D:7      | Reached * piety under Makhleb
  5616 | D:8      | Reached skill level 5 in Maces & Flails
  5661 | D:8      | Noticed Maurice
  5815 | D:8      | Killed Maurice
  5815 | D:8      | Reached XP level 9. HP: 74/78 MP: 8/8
  6139 | D:8      | Reached ** piety under Makhleb
  6155 | D:8      | Found a staircase to the Lair.
  6366 | D:8      | Reached skill level 1 in Throwing
  6901 | D:9      | Reached XP level 10. HP: 86/86 MP: 9/9
  6909 | D:9      | Found a blossoming altar of Fedhas.
  7262 | D:9      | Reached *** piety under Makhleb
  7316 | D:9      | Noticed Psyche
  7321 | D:9      | Killed Psyche
  7321 | D:9      | Reached skill level 5 in Dodging
  7632 | D:10     | Entered Level 10 of the Dungeon
  7666 | D:10     | Noticed a hill giant
  7696 | D:9      | Killed a hill giant
  7840 | D:10     | Noticed Inarius's ghost (novice MiFi)
  7858 | D:9      | HP: 2/89 [yak (9)]
  7858 | D:9      | Slain by a troll

Skill      XL: |  1  2  3  4  5  6  7  8  9 10 |
---------------+-------------------------------+-----
Armour         | 4 5 6 7 |  7.8
Long Blades    | 3 4 5 6 7 |  7.2
Shields        | 4 5 7 8 9 |  9.5
Fighting       | 4 5 6 7 8 |  8.3
Dodging        | 1 3 4 5 |  5.8
Maces & Flails | 1 6 8 9 |  9.6
Throwing       | 1 2 |  2.8
Invocations    | |  0.8

Action                   |  1- 3 |  4- 6 |  7- 9 | 10-12 || total
-------------------------+-------+-------+-------+-------++-------
Melee: Long sword        |    77 |   145 |    28 |       ||   250
       Headbutt          |    10 |    27 |    64 |    27 ||   128
       Flail             |       |       |   254 |   108 ||   362
Throw: Tomahawk          |       |       |    27 |     8 ||    35
Invok: Minor Destruction |       |       |       |     4 ||     4
  Use: Potion            |       |     1 |       |     1 ||     2
       Scroll            |       |       |     6 |       ||     6
 Stab: Distracted        |       |       |     1 |       ||     1
  Eat: Chunk             |       |     6 |    12 |     2 ||    20
       Beef jerky        |       |       |     1 |       ||     1
       Pizza             |       |       |       |     1 ||     1
Armor: Scale mail        |    34 |     3 |       |       ||    37
       Chain mail        |       |    47 |    16 |       ||    63
       Ring mail         |       |     1 |   107 |    67 ||   175
Dodge: Dodged            |    27 |    34 |   122 |    81 ||   264
Block: Shield            |    47 |    45 |   162 |   125 ||   379
       Rpst.: Long sword |    10 |     5 |     3 |       ||    18
